 Dungeon Crawl Stone Soup version 0.31-a0-1074-g0b22e4e0f1 (webtiles) character file.

Game seed: 2363723781259596725

117287 bmb222 the Bludgeoner (level 16, 0/110 HPs)
             Began as a Gargoyle Fighter on Nov 26, 2023.
             Was the Champion of Okawaru.
             Slain by a salamander
             ... wielding a +3 glaive
              (14 damage)
             ... on level 2 of the Snake Pit.
             The game lasted 01:10:01 (26900 turns).

bmb222 the Bludgeoner (Gargoyle Fighter)           Turns: 26900, Time: 01:10:03

Health: 0/110      AC: 57    Str: 30    XL:     16   Next: 73%
Magic:  0/29       EV: 16    Int: 11    God:    Okawaru [******]
Gold:   1918       SH: 13    Dex:  9    Spells: 15/15 levels left

rFire   . . .        Z - +7 flail "Kaitt" {drain, rC+ MP+9 Str+4}
rCold   + + .        q - +0 kite shield
rNeg    + . .        a - +15 Maxwell's patent armour {-Cast -Tele rElec Will+ rCorr}
rPois   ∞            h - +0 helmet
rElec   +            t - +2 cloak
rCorr   +            C - +2 pair of gloves of Sunlight {rPois rC+}
SInv    .            Q - +0 pair of boots
Will    +++..        m - amulet of regeneration Stlth
                     d - +5 ring of evasion
HPRegen 1.18/turn    c - ring of willpower
MPRegen 0.21/turn

%: no teleportation, no spellcasting
@: heroic, finesse-ful, flying, studying Poison Magic
A: sickness immunity, AC +12, big wings, negative energy resistance 1,
electricity resistance, torment resistance 1, petrification resistance
a: Renounce Religion, Heroism, Finesse, Duel


You were on level 2 of the Snake Pit.
You worshipped Okawaru.
Okawaru was exalted by your worship.
You visited 5 branches of the dungeon, and saw 25 of its levels.

You collected 2250 gold pieces.
You spent 332 gold pieces at shops.

Inventory:

Hand Weapons
 W - the +7 whip of Res Nullius {heavy, Str+3}
   (You found it on level 2 of the Lair of Beasts)

   Str+3:     It affects your strength (+3).
 Z - the +7 flail "Kaitt" (weapon) {drain, rC+ MP+9 Str+4}
   (Okawaru gifted it to you on level 2 of the Lair of Beasts)

   Str+4:     It affects your strength (+4).
   rC+:       It protects you from cold.
   MP+9:      It affects your magic capacity (+9).
Missiles
 b - 12 silver javelins
 s - 26 boomerangs (quivered)
 M - 5 curare-tipped darts
 U - 7 atropa-tipped darts
Armour
 a - the +15 Maxwell's patent armour (worn) {-Cast -Tele rElec Will+ rCorr}
   (Okawaru gifted it to you on level 2 of the Lair of Beasts)

   rElec:     It insulates you from electricity.
   Will+:     It increases your willpower.
   -Cast:     It prevents spellcasting.
   -Tele:     It prevents most forms of teleportation.
   rCorr:     It protects you from acid and corrosion.
 h - a +0 helmet (worn)
 q - a +0 kite shield (worn)
 t - a +2 cloak (worn)
 C - the +2 pair of gloves of Sunlight (worn) {rPois rC+}
   (You bought it in a shop on level 4 of the Dungeon)

   rC+:       It protects you from cold.
   rPois:     It protects you from poison
 Q - a +0 pair of boots (worn)
Jewellery
 c - a ring of willpower (right hand)
 d - a +5 ring of evasion (left hand)
 m - an amulet of regeneration (around neck)
 n - an amulet of reflection
 X - a +6 ring of dexterity
Talismans
 o - a beast talisman
 u - a flux talisman
 w - a blade talisman
Wands
 x - a wand of polymorph (5)
 H - a wand of mindburst (13)
 J - a wand of roots (6)
 K - a wand of quicksilver (2)
 O - a wand of flame (6)
 P - a wand of paralysis (11)
Scrolls
 e - 2 scrolls of fog {unknown}
 f - 13 scrolls of teleportation
 g - 4 scrolls of poison
 k - a scroll of enchant weapon
 v - 7 scrolls of amnesia
 y - a scroll of revelation
 z - a scroll of fear
 I - 3 scrolls of enchant armour
 N - 3 scrolls of blinking
 R - 2 scrolls of identify
 T - a scroll of immolation
Potions
 i - a potion of invisibility
 j - 8 potions of degeneration
 l - 3 potions of mutation
 p - a potion of brilliance
 r - 2 potions of lignification
 A - 6 potions of attraction
 B - 2 potions of magic
 D - 5 potions of might
 E - 8 potions of curing
 S - a potion of cancellation
 V - 3 potions of haste
 Y - a potion of berserk rage


   Skills:
 * Level 16.0(21.0) Fighting
 - Level 16.8(21.8) Maces & Flails
 - Level 6.1(11.1) Throwing
 - Level 14.1(19.1) Armour
 - Level 5.4(10.4) Dodging
 - Level 1.0(6.0) Stealth
 - Level 12.0(17.0) Shields
 - Level 5.3 Invocations
 - Level 4.5 Evocations


You had 15 spell levels left.
You didn't know any spells.
Your spell library contained the following spells:

 Spells                   Type           Power      Damage    Failure   Level
 Apportation              Tloc           0%         N/A       89%         1
 Freeze                   Ice            0%         1d3       89%         1
 Magic Dart               Conj           0%         1d3       89%         1
 Lesser Beckoning         Tloc           0%         N/A       96%         2
 Searing Ray              Conj           0%         2d4       96%         2
 Static Discharge         Conj/Air       0%         3-3/arc   96%         2
 Dazzling Flash           Conj/Hex       0%         N/A       99%         3
 Frozen Ramparts          Ice            0%         1d1       99%         3
 Gell's Gravitas          Tloc           0%         N/A       99%         3
 Hailstorm                Conj/Ice       0%         3d3       99%         3
 Inner Flame              Hex/Fire       0%         N/A       99%         3
 Mephitic Cloud           Conj/Pois/Air  0%         N/A       99%         3
 Teleport Other           Tloc           0%         N/A       99%         3
 Volatile Blastmotes      Fire/Tloc      0%         2d10      99%         3
 Airstrike                Air            0%         2d(0-16)  100%        4
 Fulminant Prism          Conj/Hex       0%         3d5       100%        4
 Olgreb's Toxic Radiance  Pois           0%         N/A       100%        4
 Vhi's Electric Charge    Tloc/Air       0%         N/A       100%        4
 Borgnjor's Vile Clutch   Necr/Erth      0%         N/A       100%        5
 Yara's Violent Unravell  Hex/Tmut       0%         3d3       100%        5
 Dispersal                Tloc           0%         N/A       100%        6
 Starburst                Conj/Fire      0%         6d3       100%        6
 Enfeeble                 Hex            0%         N/A       100%        7
 Discord                  Hex            0%         N/A       100%        8
 Ignition                 Fire           0%         3d3       100%        8
 Maxwell's Capacitive Co  Air            0%         ∞         100%        8
 Call Imp                 Summ           Unusable   N/A       N/A         2
 Animate Dead             Necr           Unusable   N/A       N/A         4
 Summon Lightning Spire   Summ/Air       Unusable   N/A       N/A         4
 Death Channel            Necr           Unusable   N/A       N/A         6

Dungeon Overview and Level Annotations

Branches:
Dungeon (15/15)            Temple (1/1) D:4            Lair (5/5) D:8
  Swamp (0/4) Lair:3        Snake (2/4) Lair:3        Slime (0/5) Lair:5
    Orc (2/2) D:9             Elf (0/3) Orc:2        Vaults (0/5) D:13
 Depths (0/4) D:15

Altars:
Ashenzari
Cheibriados
Dithmenos
Elyvilon
Fedhas
Gozag
Hepliaklqana
Kikubaaqudgha
Makhleb
Nemelex Xobeh
Okawaru
Qazlal
Ru
Sif Muna
Trog
Uskayaw
Vehumet
Wu Jian
Xom
Yredelemnul
Zin
The Shining One
Jiyva
Lugonu

Shops:
D:1 (   D:4 [   D:11 *   D:12 [   Orc:2 [*=:(

Portals:
Abyss: Snake:1

Annotations:
D:15 Roxanne
Lair:2 6 runed translucent doors
Lair:5 exclusion: 2 oklob plants
Snake:2 2 transporters, jejorda2's ghost, adept GnBe


Innate Abilities, Weirdness & Mutations

You are immune to sickness and miasma.
Your stone body is resilient. (AC +12)
You are immune to poison.
Your large and strong wings let you fly.
You resist negative energy. (rN+)
You are resistant to electric shocks. (rElec)
You are resistant to unholy torment.
You are immune to petrification.


Message History

The guardian serpent casts a spell at you.
The mana viper bites you but does no damage.
The salamander barely misses you. The naga hits you with a +4 long sword.
The naga constricts you. You block the mana viper's attack.
The guardian serpent closely misses you.
The mana viper barely misses you.
You hit the naga but do no damage.
The naga is severely wounded.
You block the naga warrior's attack. You block the salamander's attack.
Unknown command.
You barely miss the naga.
The naga is severely wounded.
You block the guardian serpent's attack.
The mana viper bites you but does no damage.
You block the mana viper's attack. The naga hits you but does no damage.
The naga constricts you.
Unknown command.
You hit the naga but do no damage. You drain the naga.
The naga is almost dead.
You block the naga warrior's attack.
The salamander hits you but does no damage.
Unknown command.
You closely miss the naga.
The naga is almost dead.
The mana viper closely misses you. The guardian serpent hits you!
* * * LOW HITPOINT WARNING * * *
The mana viper bites you!
* * * LOW HITPOINT WARNING * * *
You feel your power leaking away. You block the naga's attack.
The naga constricts you.
You thump the naga!
You kill the naga!
Okawaru accepts your kill. The mana viper misses you.
The naga warrior attacks as it pursues you!
The naga warrior hits you but does no damage.
The salamander hits you with a +3 glaive.
* * * LOW HITPOINT WARNING * * *
You are engulfed in flames!
You die...

#.......#####..##
##......# #...# ##.....#
##... #....## #...
#....##### #... ..##
##.......####..
.....######.............#
......NSN.....##########.
.###.NSS@.###.# ##
#####.## ### # ###


You could see a naga warrior, a salamander (strong), 2 mana vipers, a guardian
serpent and a naga (strong).

Vanquished Creatures
  An orc warlord (Orc:1)
  An ettin (Orc:1)
  8 hydras
  A rakshasa (D:12)
  5 centaur warriors
  3 ice dragons
  2 anacondas (Snake:1)
  3 two-headed ogres
  4 boulder beetles
  7 death yaks
  2 death knights
  A merfolk avatar (Lair:5)
  2 naga warriors (Snake:2)
  An orc high priest (Orc:2)
  4 naga sharpshooters (Snake:1)
  3 shock serpents
  Nergalle (Lair:3)
  2 salamander mystics (Snake:2)
  A goliath frog (Lair:3)
  A shadow wraith (D:13)
  A skyshark (Lair:4)
  A sea snake (Lair:5)
  6 orc knights
  A necromancer (D:13)
  3 harpies (Lair:5)
  A lindwurm (Lair:4)
  4 deep elf pyromancers
  4 mana vipers
  5 orc sorcerers
  A wolf spider (Lair:2)
  5 cyclopes
  7 salamanders
  28 ugly things
  6 manticores
  4 elephants
  An elephant (shapeshifter) (D:14)
  A guardian serpent (Snake:2)
  4 naga magi
  A torpor snail (Lair:5)
  Maggie (D:6)
  4 gargoyles
  12 cane toads
  Psyche (D:8)
  19 black mambas
  Jeremiah (D:8)
  7 komodo dragons
  6 rime drakes
  2 kobold demonologists (D:12)
  3 freezing wraiths
  A yaktaur (D:14)
  A queen bee (shapeshifter) (D:15)
  3 polar bears
  3 meliai (D:15)
  10 trolls
  Prince Ribbit (D:6)
  4 hornets
  31 blink frogs
  A snapping turtle (Lair:5)
  7 dream sheep (Lair:5)
  10 slime creatures
  Sigmund (D:6)
  4 shadows
  4 wraiths
  3 wyverns
  A vampire (D:11)
  A ynoxinul (D:10)
  43 yaks
  Eustachio (D:6)
  5 basilisks
  3 steam dragons
  4 vampire mosquitoes
  2 redbacks (Lair:2)
  14 nagas
  2 wargs (Orc:1)
  16 water moccasins
  An acid dragon (D:12)
  30 orc warriors
  3 black bears
  A hornet zombie (D:6)
  3 ogres (Orc:2)
  13 wolves
  15 centaurs
  10 bullfrogs
  3 kobold brigands
  Blork the orc (D:4)
  A gnoll sergeant (D:5)
  A necrophage (D:6)
  3 scorpions
  A water moccasin zombie (D:6)
  20 wights
  21 killer bees
  4 electric eels (D:8)
  3 howler monkeys
  3 lava snakes (Lair:3)
  A centaur zombie (D:6)
  A bullfrog zombie (D:6)
  4 hounds
  A human zombie (D:6)
  4 jellies
  13 orc priests
  5 iguanas
  Jessica (D:3)
  21 orc wizards
  A sleepcap (D:6)
  4 hell rats (Lair:3)
  4 mummies (D:6)
  5 gnolls (D:5)
  9 adders
  5 river rats (Lair:3)
  3 white imps
  An ufetubus (D:5)
  A worm (D:2)
  3 dart slugs
  69 orcs
  7 ball pythons
  14 bats
  12 endoplasms
  2 giant cockroaches (D:2)
  7 goblins
  6 hobgoblins
  8 jackals
  19 kobolds
  2 quokkas
  4 frilled lizards
  14 rats
757 creatures vanquished.

Vanquished Creatures (others)
  A centaur simulacrum (D:14)
  2 orcs (D:8)
  A lurking horror (Snake:1)
4 creatures vanquished.

Grand Total: 761 creatures vanquished

Notes
Turn   | Place    | Note
-------+----------+-------------------------------------------
     0 | D:1      | bmb222 the Gargoyle Fighter began the quest for the Orb.
     0 | D:1      | Reached XP level 1. HP: 14/14 MP: 1/1
   149 | D:1      | Reached XP level 2. HP: 19/19 MP: 2/2
   697 | D:1      | Reached XP level 3. HP: 22/23 MP: 3/3
   708 | D:1      | Found a faded altar of an unknown god.
   839 | D:1      | Found Xeapsuarr's Antique Weapon Boutique.
  1363 | D:2      | Reached XP level 4. HP: 28/28 MP: 4/4
  2172 | D:3      | Found a broken altar of Ashenzari.
  2229 | D:3      | Found a blossoming altar of Fedhas.
  2367 | D:3      | Noticed Jessica
  2384 | D:3      | Killed Jessica
  2385 | D:3      | Reached XP level 5. HP: 4/33 MP: 5/5
  2715 | D:4      | Found Zoptuc's Antique Armour Shoppe.
  2786 | D:4      | Bought an embroidered cloak for 135 gold pieces
  2806 | D:4      | Reached XP level 6. HP: 38/38 MP: 6/6
  2852 | D:4      | Noticed a water moccasin
  2877 | D:4      | Killed a water moccasin
  2878 | D:4      | Reached skill level 5 in Maces & Flails
  3078 | D:4      | Found a staircase to the Ecumenical Temple.
  3321 | D:4      | Found a shadowy altar of Dithmenos.
  3561 | D:5      | Entered Level 5 of the Dungeon
  3597 | D:5      | Noticed Blork the orc
  3628 | D:4      | Reached XP level 7. HP: 44/44 MP: 7/7
  4080 | D:4      | Killed Blork the orc
  4578 | D:5      | Reached skill level 1 in Dodging
  4801 | D:6      | Noticed Maggie
  4826 | D:6      | Killed Maggie
  4827 | D:6      | Reached skill level 5 in Armour
  4827 | D:6      | Reached XP level 8. HP: 7/48 MP: 8/8
  4919 | D:6      | Reached skill level 5 in Fighting
  4919 | D:6      | Reached skill level 1 in Stealth
  4970 | D:6      | Noticed Sigmund
  4988 | D:6      | Killed Sigmund
  5208 | D:6      | Noticed Prince Ribbit
  5432 | D:7      | Identified the +6 trident of the Final Decision {flame,
                  | Str+3}
  5575 | D:7      | Reached skill level 1 in Throwing
  5575 | D:7      | Reached XP level 9. HP: 51/54 MP: 9/9
  5997 | D:4      | Bought a pair of slimy gloves for 171 gold pieces
  5997 | D:4      | Identified the +2 pair of gloves of Sunlight {rPois rC+}
                  | (You bought it in a shop on level 4 of the Dungeon)
  6046 | Temple   | Entered the Ecumenical Temple
  6062 | Temple   | Became a worshipper of Warmaster Okawaru
  6142 | D:5      | Reached skill level 1 in Evocations
  6170 | D:6      | Found a sacrificial altar of Ru.
  6198 | D:6      | Noticed Eustachio
  6219 | D:6      | Killed Eustachio
  6352 | D:6      | Reached skill level 10 in Maces & Flails
  6389 | D:6      | Found a basalt altar of Yredelemnul.
  6510 | D:6      | Killed Prince Ribbit
  6510 | D:6      | Reached * piety under Okawaru
  6956 | D:7      | Found a hazy altar of Hepliaklqana.
  7441 | D:8      | Reached XP level 10. HP: 60/60 MP: 10/10
  7498 | D:8      | Reached ** piety under Okawaru
  7670 | D:8      | Found an opulent altar of Gozag.
  7704 | D:8      | Noticed Psyche
  7771 | D:8      | Killed Psyche
  7837 | D:8      | Found a staircase to the Lair.
  7932 | D:8      | Reached *** piety under Okawaru
  8704 | D:8      | Noticed Jeremiah
  8770 | D:8      | Killed Jeremiah
  9171 | D:8      | Found a hide-covered altar of Uskayaw.
  9484 | D:9      | Found a staircase to the Orcish Mines.
  9504 | D:9      | Reached **** piety under Okawaru
  9693 | D:9      | Reached XP level 11. HP: 65/66 MP: 11/11
  9869 | D:9      | Found a stormy altar of Qazlal.
  9937 | D:9      | Reached skill level 1 in Invocations
 10307 | D:10     | Entered Level 10 of the Dungeon
 10507 | D:10     | Noticed a two-headed ogre
 10647 | D:10     | Reached ***** piety under Okawaru
 10667 | D:10     | Found a bloodstained altar of Trog.
 10691 | D:10     | Found a shimmering blue altar of Sif Muna.
 10898 | D:10     | Received a gift from Okawaru
 10918 | D:10     | Found an ornate altar of the Wu Jian Council.
 11223 | D:10     | Killed a two-headed ogre
 11231 | D:10     | Found a glowing golden altar of the Shining One.
 11445 | D:11     | Found Merreomy's Neck Hole.
 11475 | D:11     | Noticed a two-headed ogre
 11484 | D:11     | Killed a two-headed ogre
 11917 | D:11     | Reached skill level 5 in Throwing
 12152 | D:11     | Reached XP level 12. HP: 76/76 MP: 14/14
 12423 | Lair:1   | Entered Level 1 of the Lair of Beasts
 12638 | Lair:1   | Reached skill level 10 in Fighting
 12948 | Lair:1   | Received a gift from Okawaru
 13797 | Lair:2   | Reached skill level 5 in Dodging
 13925 | Lair:2   | Found a runed translucent door.
 14080 | Lair:2   | Found a runed translucent gate.
 14081 | Lair:2   | Identified the +7 whip of Res Nullius {heavy, Str+3}
 14081 | Lair:2   | Noticed a boulder beetle
 14081 | Lair:2   | Noticed a boulder beetle
 14083 | Lair:2   | Found a runed translucent gate.
 14084 | Lair:2   | Found a runed translucent gate.
 14084 | Lair:2   | Found a runed translucent gate.
 14084 | Lair:2   | Found a runed translucent gate.
 14084 | Lair:2   | Identified the +1 hat "Zonir" {rF- Int+3}
 14084 | Lair:2   | Noticed a boulder beetle
 14086 | Lair:2   | Found a runed translucent gate.
 14181 | Lair:2   | Reached skill level 5 in Invocations
 14320 | Lair:2   | Reached ****** piety under Okawaru
 14326 | Lair:2   | Acquired the +7 flail "Kaitt" {drain, rC+ MP+9 Str+4}
 14326 | Lair:2   | Received a gift from Okawaru
 14338 | Lair:2   | Acquired the +15 Maxwell's patent armour {-Cast -Tele rElec
                  | Will+ rCorr}
 14338 | Lair:2   | Received a gift from Okawaru
 14338 | Lair:2   | Found the +15 Maxwell's patent armour {-Cast -Tele rElec
                  | Will+ rCorr}
 14430 | Lair:2   | Received a gift from Okawaru
 14892 | Lair:3   | Reached XP level 13. HP: 84/84 MP: 16/16
 15106 | Lair:3   | Reached skill level 10 in Armour
 15115 | Lair:3   | Found a staircase to the Snake Pit.
 15184 | Lair:3   | Noticed Nergalle
 15201 | Lair:3   | Killed Nergalle
 15218 | Lair:3   | Found a staircase to the Swamp.
 15240 | Lair:3   | Received a gift from Okawaru
 16833 | Lair:4   | Received a gift from Okawaru
 17500 | Lair:5   | Entered Level 5 of the Lair of Beasts
 17510 | Lair:4   | Gained mutation: Your large and strong wings let you fly.
                  | [Gargoyle growth]
 17510 | Lair:4   | Reached XP level 14. HP: 90/90 MP: 18/18
 17627 | Lair:5   | Received a gift from Okawaru
 17995 | Lair:5   | Received a gift from Okawaru
 18230 | Lair:5   | Reached skill level 15 in Maces & Flails
 18355 | Lair:5   | Found a viscous altar of Jiyva.
 18376 | Lair:5   | Found a staircase to the Slime Pits.
 18460 | Lair:5   | Received a gift from Okawaru
 19117 | Orc:1    | Entered Level 1 of the Orcish Mines
 19607 | Orc:2    | Entered Level 2 of the Orcish Mines
 19860 | Orc:2    | Paralysed by an orc sorcerer for 2 turns
 19932 | Orc:2    | Found Coudedei's General Store.
 19942 | Orc:2    | Bought a scroll of identify for 26 gold pieces
 19951 | Orc:2    | Found Laneq's Antique Armour Shoppe.
 19978 | Orc:2    | Found a staircase to the Elven Halls.
 20260 | Orc:2    | Found Ivoisih's Self-Improvement Boutique.
 20273 | Orc:2    | Found Lasisyig's Antique Weapon Emporium.
 20372 | Orc:2    | Found Qagacsos's Jewellery Boutique.
 20378 | Orc:2    | Noticed an orc warlord
 20550 | Orc:1    | Killed an orc warlord
 20550 | Orc:1    | Received a gift from Okawaru
 20551 | Orc:1    | Reached XP level 15. HP: 59/96 MP: 19/19
 21182 | D:12     | Found Zeudwus's Antique Armour Shoppe.
 21242 | D:12     | Reached skill level 5 in Shields
 21689 | D:12     | Identified the staff of Callousness {rN+ MP+9 Necro}
 21697 | D:12     | Got Avumudd's Papyrus of Orientation
 22422 | D:13     | Received a gift from Okawaru
 22473 | D:13     | Found a gate to the Vaults.
 22817 | D:14     | Reached skill level 10 in Shields
 23079 | D:14     | Received a gift from Okawaru
 23583 | D:15     | Entered Level 15 of the Dungeon
 23666 | D:15     | Received a gift from Okawaru
 23774 | D:15     | Noticed Roxanne
 23828 | D:15     | Reached XP level 16. HP: 101/101 MP: 20/20
 23860 | D:15     | Found a glowing golden altar of the Shining One.
 24292 | D:15     | Found a sparkling altar of Nemelex Xobeh.
 24515 | D:15     | Found a staircase to the Depths.
 25089 | Snake:1  | Entered Level 1 of the Snake Pit
 25185 | Snake:1  | Received a gift from Okawaru
 25638 | Snake:1  | Found a corrupted altar of Lugonu.
 25638 | Snake:1  | Found a one-way gate to the infinite horrors of the Abyss.
 26304 | Snake:2  | Noticed jejorda2's ghost (adept GnBe)
 26312 | Snake:2  | Reached skill level 15 in Fighting
 26317 | Snake:2  | Found a bloodstained altar of Trog.
 26437 | Snake:2  | Found a transporter.
 26445 | Snake:2  | Found a transporter.
 26594 | Snake:2  | Received a gift from Okawaru
 26900 | Snake:2  | Slain by a salamander

Illustrated notes

Levels and vault maps discovered:
D:1:      ebering_hopf_link, layout_basic,
          hellmonk_ecumenical_altar_pennies_from_heaven, serial_shops,
          nicolae_lakefront_shop, grunt_decor_clamped, minmay_misc_feat_enclosed
D:2:      layout_basic
D:3:      layout_basic, nicolae_ashenzari_panopticon, fedhas_ov_isle_minmay,
          uniq_jessica
D:4:      layout_loops_ring, kennysheep_little_box,
          minmay_temple_entry_statues_pillars, serial_shops, shop,
          item_on_display_b
D:5:      layout_rooms, st_stairs_4, uniq_blork_the_orc
D:6:      layout_cave_pools, lemuel_mausoleum_altar_yredelemnul,
          mainiacjoe_overflow_tiny_flanked, serial_glass, glass_columns_a,
          glass_columns_b, glass_columns_b, glass_columns_a, glass_columns_b,
          glass_columns_c, glass_columns_a, glass_columns_a, glass_columns_c,
          glass_columns_b, kennysheep_another_room, uniq_maggie, uniq_sigmund,
          uniq_eustachio, uniq_prince_ribbit1
D:7:      layout_gridville, marbit_many_paths, minmay_gold_behind_fungi
D:8:      layout_loops_corners, nicolae_uskayaw_dance_studio,
          grunt_gozag_breadcrumbs, erik_lair_island, serial_glass,
          glass_columns_c, glass_columns_b, glass_columns_a, glass_columns_b,
          glass_columns_a, glass_columns_a, glass_columns_b, glass_columns_a,
          glass_columns_b, glass_columns_a, minmay_misc_feat_ornament,
          uniq_jeremiah, uniq_psyche
D:9:      layout_loops_corners, mainiacjoe_overflow_alcove_2, orc_0_dummy
D:10:     layout_long_grid, nzn_overflow_gifts_of_might_and_magic,
          nzn_wu_jian_contemplation, mainiacjoe_overflow_alcove_4
D:11:     layout_roguey, nicolae_shop_sticking_my_neck_out
D:12:     layout_loops_cross, serial_shops, shop,
          minmay_the_grid_square_5x5_3x3_mashed
          [minmay_the_grid_square_5x5_minivault,
          minmay_the_grid_square_5x5_shrine1,
          minmay_the_grid_square_5x5_broken_cross,
          minmay_the_grid_square_5x5_inner_z,
          minmay_the_grid_square_5x5_megaprize_checkered,
          minmay_the_grid_square_5x5_beaten_path,
          minmay_the_grid_square_5x5_plus, minmay_the_grid_square_5x5_fat_x,
          minmay_the_grid_square_5x5_longway]
D:13:     layout_rooms, david_vaults_4
D:14:     layout_irregular_city, minmay_pinched_square
D:15:     grunt_enter_depths_hoard, layout_irregular_city, nemelex_altar_shiori,
          tso_altar, uniq_roxanne
Temple:   hellmonk_temple_rainy
Lair:1:   layout_loops_ring
Lair:2:   gammafunk_indiana_jones, layout_regular_city
Lair:3:   layout_regular_city, mainiacjoe_swamp_entry_lozenge_pond,
          nicolae_snake_entry_warm_welcome, kennysheep_abandoned_house,
          uniq_nergalle
Lair:4:   layout_cave_pods, grunt_megastairs_2
Lair:5:   gammafunk_lair_ancient_temple, layout_layer_cave,
          minmay_slime_entry_oklob_enclosed, roderic_batcave,
          chequers_serial_rivers_micro_b
Snake:1:  layout_honeycomb, amcnicky_altar_lugonu_corruption
Snake:2:  layout_layer_cave, gammafunk_ghost_wrathful_warriors, st_stairs_2,
          minmay_shop_grove
Orc:1:    cheibrodos_orc_arena, layout_caves
Orc:2:    grunt_orc_gardens, layout_caves, grunt_orc_garden, grunt_orc_garden,
          grunt_orc_garden, grunt_orc_garden, nicolae_shop_self_help

Skill      XL: |  1  2  3  4  5  6  7  8  9 10 11 12 13 14 15 16 |
---------------+-------------------------------------------------+-----
Maces & Flails | 3 4 6 7 9 11 13 16 | 16.8
Armour         | 4 5 6 7 9 14 | 14.1
Fighting       | 4 5 6 9 11 12 16 | 16.0
Dodging        | 1 2 3 4 5 |  5.4
Stealth        | 1 |  1.0
Throwing       | 1 2 4 5 6 |  6.1
Evocations     | 1 3 4 |  4.5
Invocations    | 3 5 |  5.3
Shields        | 12 | 12.0

Action                     |  1- 3 |  4- 6 |  7- 9 | 10-12 | 13-15 | 16-18 || total
---------------------------+-------+-------+-------+-------+-------+-------++-------
  Melee: Flail             |   128 |   187 |   467 |  1184 |  1439 |   463 ||  3868
         Unarmed           |       |       |       |     1 |       |       ||     1
  Throw: Boomerang         |       |       |     8 |    12 |    35 |       ||    55
 Invoke: Heroism           |       |       |       |     4 |     1 |     1 ||     6
         Receive Weapon    |       |       |       |     1 |       |       ||     1
         Receive Armour    |       |       |       |     1 |       |       ||     1
         Finesse           |       |       |       |       |     1 |     1 ||     2
  Evoke: Wand              |       |     1 |    14 |       |     1 |       ||    16
    Use: Scroll            |       |     1 |     9 |       |    16 |       ||    26
         Potion            |       |       |     4 |       |     2 |     1 ||     7
   Stab: Invisible         |       |       |     1 |       |       |       ||     1
 Armour: Scale mail        |   121 |   149 |   383 |   936 |       |       ||  1589
         Steam dragon scal |       |       |    16 |       |       |       ||    16
         Skin              |       |       |       |    11 |       |       ||    11
         Plate armour      |       |       |       |    10 |  1116 |   321 ||  1447
  Dodge: Dodged            |    73 |    82 |   210 |   520 |   631 |   212 ||  1728
  Block: Buckler           |    32 |    40 |    85 |   174 |   146 |       ||   477
         Kite shield       |       |       |       |       |   250 |   294 ||   544

Table legend: (Time is in decaauts)
 A = Elapsed time spent in this place.
 B = Non-inter-level travel time spent in this place.
 C = Inter-level travel time spent in this place.
 D = Time resting spent in this place.
 E = Time spent auto-exploring this place.
 F = Levels seen in this place.
 G = Mean time per level.
                   A        B        C        D        E       F      G
               +--------+--------+--------+--------+--------+-----+--------+
         Total |  26278 |  24984 |   1294 |   4016 |  12365 |  25 | 1051.1 |
       Dungeon |  16255 |  15333 |    922 |   1987 |   8236 |  15 | 1083.7 |
        Temple |     30 |     30 |      0 |      0 |      0 |   1 |   30.0 |
          Lair |   6471 |   6193 |    278 |   1253 |   2649 |   5 | 1294.2 |
     Snake Pit |   1727 |   1689 |     38 |    267 |    877 |   2 |  863.5 |
  Orcish Mines |   1793 |   1739 |     54 |    508 |    603 |   2 |  896.5 |
               +--------+--------+--------+--------+--------+-----+--------+

Top non-repeatable levels by time:
     D:8: 1892 daAuts
  Lair:4: 1499 daAuts
     D:4: 1434 daAuts
  Lair:5: 1346 daAuts
  Lair:1: 1294 daAuts
     D:7: 1245 daAuts
     D:1: 1236 daAuts
    D:15: 1208 daAuts
     D:9: 1200 daAuts
  Lair:2: 1182 daAuts
     D:6: 1167 daAuts
  Lair:3: 1148 daAuts
   Orc:1: 1078 daAuts
    D:10: 1023 daAuts
    D:11: 1008 daAuts
